 Dungeon Crawl Stone Soup version 0.30-a0-867-g305f33218d (webtiles) character file.

Game seed: 15897180099517373222

149 Drevant2 the Changer (level 5, 0/33 HPs)
             Began as an Octopode Transmuter on Mar 10, 2023.
             Slain by an orc
             ... wielding a +0 mace
              (8 damage)
             ... on level 3 of the Dungeon.
             The game lasted 00:06:01 (2384 turns).

Drevant2 the Changer (Octopode Transmuter)          Turns: 2384, Time: 00:06:02

Health: 0/33       AC:  1    Str:  9    XL:     5   Next: 31%
Magic:  7/8        EV: 14    Int: 16    God:
Gold:   9          SH:  0    Dex: 14    Spells: 7/8 levels left

rFire   . . .      SeeInvis .      - Unarmed
rCold   . . .      Faith    .    (no shield)
rNeg    . . .      Spirit   .    (helmet currently unavailable)
rPois   .          Reflect  .    (no amulet)
rElec   .          Rampage  .    (no ring)
rCorr   .                        (no ring)
Will    .....                    (no ring)
Stlth   ++                       (no ring)
HPRegen 0.25/turn                (no ring)
MPRegen 0.11/turn                (no ring)
                                 (no ring)
                                 (no ring)

@: mighty, appendages (expiring)
A: tentacle spike 3, almost no armour, amphibious, 8 rings, camouflage 1,
gelatinous body 1, (nimble swimmer 1), tentacles
a: End Transformation


You were on level 3 of the Dungeon.
One of your tentacles had grown a beastly spike.
You visited 1 branch of the dungeon, and saw 3 of its levels.

You collected 196 gold pieces.
You spent 187 gold pieces at shops.

Inventory:

Scrolls
 b - 2 scrolls of amnesia {unknown}
 f - a scroll of noise
 h - a scroll of silence {unknown}
 j - a scroll of identify {unknown}
 k - a scroll of poison {unknown}
 l - a scroll of magic mapping {unknown}
 n - a scroll of teleportation {unknown}
Potions
 a - a potion of lignification
 c - 2 potions of might
 d - 2 potions of curing
 e - 2 potions of attraction {unknown}
 g - a potion of ambrosia {unknown}
 i - a potion of mutation {unknown}
 o - a potion of flight {unknown}


   Skills:
 - Level 1.0 Fighting
 + Level 3.1 Dodging
 + Level 3.8 Unarmed Combat
 - Level 2.0 Spellcasting
 * Level 4.0 Transmutations


You had 7 spell levels left.
You knew the following spells:

 Your Spells              Type           Power      Damage    Failure   Level
a - Beastly Appendage     Tmut           28%        N/A       4%          1

Your spell library contained the following spells:

 Spells                   Type           Power      Damage    Failure   Level
 Wereblood                Tmut           14%        N/A       6%          2
 Apportation              Tloc           2%         N/A       21%         1
 Necrotise                Necr           4%         1d4       21%         1
 Summon Small Mammal      Summ           4%         N/A       21%         1
 Spider Form              Tmut/Pois      8%         N/A       26%         3
 Cigotuvi's Dreadful Rot  Necr/Pois/Air  2%         N/A       30%         2
 Vhi's Electric Charge    Tloc/Air       2%         N/A       52%         3
 Ice Form                 Ice/Tmut       8%         N/A       65%         4
 Dispel Undead            Necr           1%         3d6       90%         4
 Arcjolt                  Conj/Air       0%         1d10      99%         5
 Death Channel            Necr           0%         N/A       100%        6
 Maxwell's Capacitive Co  Air            0%         ∞         100%        8


Dungeon Overview and Level Annotations

Branches:
Dungeon (3/15)

Altars:
Okawaru

Shops:
D:2 :(!


Innate Abilities, Weirdness & Mutations

One of your tentacles has grown a beastly spike.
You cannot wear most types of armour.
You are amphibious.
You can wear up to eight rings at the same time.
Your skin changes colour to match your surroundings (Stealth+).
Your rubbery body absorbs attacks. (AC +1, EV +1)
((You are camouflaged when in or above water. (Stealth+)))
You have tentacles for arms and can constrict up to eight enemies at once.


Message History

The orc wizard hits you with a +0 dagger.
You closely miss the orc wizard. You grab the orc wizard.
Your squeeze misses the orc wizard.
The orc wizard is moderately wounded.
You constrict the orc wizard, but do no damage.
The orc completely misses you. The orc misses you.
The orc wizard closely misses you.
You tentacle-slap the orc wizard.
You pierce the orc wizard.
Your tentacle-slap misses the orc wizard.
The orc wizard is heavily wounded.
You constrict the orc wizard. The orc misses you.
The orc hits you with a +0 mace. The orc hits you with a +0 dagger.
The orc wizard hits you with a +0 dagger.
* * * LOW HITPOINT WARNING * * *
You tentacle-slap the orc wizard but do no damage.
You pierce the orc wizard, but do no damage.
Your squeeze misses the orc wizard.
The orc wizard is heavily wounded.
You constrict the orc wizard. The orc closely misses you.
The orc hits you with a +0 mace.
* * * LOW HITPOINT WARNING * * *
The orc completely misses you.
The orc wizard hits you with a +0 dagger.
* * * LOW HITPOINT WARNING * * *
You feel much better.
You constrict the orc wizard.
The orc hits you from afar with a +0 trident.
The orc hits you with a +0 dagger.
The orc wizard casts a spell.
The orc wizard flickers and vanishes!
The orc hits you with a +0 mace.
You feel very mighty all of a sudden.
You constrict something. The orc barely misses you.
An orc comes into view. It is wielding a +0 trident.
The orc hits you with a +0 dagger.
* * * LOW HITPOINT WARNING * * *
You hear some strange, mumbled words.
A magic dart appears from out of thin air!
The magic dart hits you!
* * * LOW HITPOINT WARNING * * *
The orc hits you with a +0 mace!
You die...

. ...# ... # ..
...# ... .# ... ###
...# #.#..# .... ..
...######.#...
...oo#l
.......##.#...
....Soo###...#
#........ #o@{.####
#..#.##..
###.....###..#..#..
##..#.......#.#.)
##....#.##...#..
#o.###.........
.................
#.####.##.##.....#
.. .#.~.~.#..... #.
#..~.~.)#†...


You could see an orc wizard, an adder, 5 orcs and a frilled lizard.

Vanquished Creatures
  3 adders
  6 dart slugs
  6 orcs (D:3)
  8 ball pythons (D:1)
  12 endoplasms
  11 giant cockroaches
  5 goblins
  11 hobgoblins
  4 jackals
  4 quokkas
  6 bats
  4 frilled lizards
  7 kobolds
  6 rats (D:1)
93 creatures vanquished.

Notes
Turn   | Place    | Note
-------+----------+-------------------------------------------
     0 | D:1      | Drevant2 the Octopode Transmuter began the quest for the
                  | Orb.
     0 | D:1      | Reached XP level 1. HP: 13/13 MP: 3/3
   122 | D:1      | Found a large runed translucent door.
   122 | D:1      | Found a large runed translucent door.
   126 | D:1      | Reached XP level 2. HP: 14/18 MP: 5/5
   187 | D:1      | Reached XP level 3. HP: 12/23 MP: 6/6
   417 | D:1      | Reached skill level 3 in Transmutations
   755 | D:1      | Reached XP level 4. HP: 24/28 MP: 7/7
  1676 | D:2      | Found Yda Searir's Distillery.
  1679 | D:2      | Bought 2 potions of heal wounds for 110 gold pieces
  1679 | D:2      | Bought a potion of curing for 33 gold pieces
  1784 | D:2      | Found Pugut's Book Emporium.
  1833 | D:2      | Found an iron altar of Okawaru.
  1874 | D:2      | Found Farauz's Weapon Shop.
  2154 | D:2      | Bought a potion of might for 44 gold pieces
  2228 | D:3      | Reached XP level 5. HP: 30/33 MP: 8/8
  2314 | D:3      | Reached skill level 4 in Transmutations
  2331 | D:3      | Found a faded altar of an unknown god.
  2384 | D:3      | Slain by an orc

Illustrated notes

Levels and vault maps discovered:
D:1:      erik_arrival_cave_to_civilisation [erik_arrival_cave_to_temple],
          layout_loops_ring
D:2:      minmay_roachtagon, layout_loops_cross, basic_altar, serial_shops,
          shop, nicolae_shop_window_shopping, nicolae_shop_hallway_stairs
D:3:      layout_rooms, shapermc_ecumenical_altar_starsandcircs,
          gup_sewer_entry_bubbles, gammafunk_ghost_icy

Skill      XL: |  1  2  3  4  5 |
---------------+----------------+-----
Transmutations | 3 4 |  4.0
Dodging        | 3 |  3.1
Fighting       | |  1.0
Unarmed Combat | |  3.8
Spellcasting   | |  2.0

Action                     |  1- 3 |  4- 6 || total
---------------------------+-------+-------++-------
  Melee: Unarmed           |    95 |   116 ||   211
         Constrict         |    24 |    29 ||    53
         Tentacles         |    12 |    27 ||    39
         Kick              |    10 |    13 ||    23
         Punch             |     4 |     2 ||     6
   Cast: Beastly Appendage |     5 |     7 ||    12
    Use: Potion            |       |     3 ||     3
         Scroll            |       |     1 ||     1
   Stab: Sleeping          |     5 |     5 ||    10
 Armour: Skin              |    15 |     9 ||    24
  Dodge: Dodged            |    76 |    79 ||   155

Table legend: (Time is in decaauts)
 A = Elapsed time spent in this place.
 B = Non-inter-level travel time spent in this place.
 C = Inter-level travel time spent in this place.
 D = Time resting spent in this place.
 E = Time spent auto-exploring this place.
 F = Levels seen in this place.
 G = Mean time per level.
                   A        B        C        D        E       F      G
               +--------+--------+--------+--------+--------+-----+--------+
         Total |   2370 |   2166 |    204 |    178 |   1498 |   3 |  790.0 |
       Dungeon |   2370 |   2166 |    204 |    178 |   1498 |   3 |  790.0 |
               +--------+--------+--------+--------+--------+-----+--------+

Top non-repeatable levels by time:
     D:1: 1225 daAuts
     D:2: 975 daAuts
     D:3: 169 daAuts
